 Dungeon Crawl Stone Soup version 0.26.0-10-g1f06aea511 (webtiles) character file.

Game seed: 5136642668345259197

84 dohliylev the Skirmisher (level 4, -5/31 HPs)
             Began as a Gargoyle Fighter on Jan 18, 2021.
             Killed by divine providence
             ... invoked by an orc priest
              (16 damage)
             ... on level 3 of the Dungeon.
             The game lasted 00:04:15 (1736 turns).

dohliylev the Skirmisher (Gargoyle Fighter)         Turns: 1736, Time: 00:04:17

Health: -5/31      AC: 10    Str: 20    XL:     4   Next: 46%
Magic:  4/4        EV:  5    Int:  9    God:
Gold:   134        SH: 13    Dex:  9    Spells: 3/3 levels left

rFire    . . .     SeeInvis .   a - +0 flail
rCold    . . .     Faith    .   m - +0 tower shield
rNeg     + . .     Spirit   .   b - +0 scale mail
rPois    ∞         Reflect  .   (no helmet)
rElec    +         Harm     .   (no cloak)
rCorr    .         Rampage  .   (no gloves)
Will     .....                  (no boots)
Stlth    ..........             (no amulet)
HPRegen  0.10/turn              (no ring)
MPRegen  0.09/turn              (no ring)

@: no status effects
A: negative energy resistance 1, electricity resistance, unbreathing,
petrification resistance, miasma immunity, AC +3
a: no special abilities


You were on level 3 of the Dungeon.
You visited 1 branch of the dungeon, and saw 3 of its levels.

You collected 134 gold pieces.

Inventory:

Hand Weapons
 a - a +0 flail (weapon)
Armour
 b - a +0 scale mail (worn)
 m - a +0 tower shield (worn)
Scrolls
 c - a scroll of random uselessness {unknown}
 g - a scroll of teleportation {unknown}
 h - 3 scrolls of remove curse {unknown}
 i - 2 scrolls of amnesia {unknown}
Potions
 d - 2 potions of might
 e - a potion of attraction {unknown}
 f - 3 potions of haste {unknown}
 j - 3 potions of heal wounds {unknown}
 k - a potion of brilliance {unknown}
 l - a potion of lignification {unknown}


   Skills:
 + Level 5.6 Fighting
 - Level 2.0 Maces & Flails
 - Level 3.3 Armour
 - Level 0.1 Dodging
 - Level 3.3 Shields


You had 3 spell levels left.
You didn't know any spells.
Your spell library was empty.

Dungeon Overview and Level Annotations

Branches:
Dungeon (3/15)

Altars:


Innate Abilities, Weirdness & Mutations

You are resistant to torment.
Your stone body is resilient. (AC +3)
You are immune to poison.
You resist negative energy. (rN+)
You are resistant to electric shocks. (rElec)
You can survive without breathing.
You are immune to petrification.
You are immune to miasma.


Message History

An orc priest comes into view. It is wielding a +0 whip.
The bat hits you but does no damage. You block the bat's attack.
You block the bat's attack.
You completely miss the frilled lizard. You block the bat's attack.
The orc priest calls down the wrath of Beogh upon you.
Pain shoots through your body! The frilled lizard closely misses you.
You closely miss the frilled lizard. You block the bat's attack.
The frilled lizard bites you. You block the bat's attack.
The bat hits you but does no damage. x2
The bat hits you but does no damage.
The orc priest invokes the aid of Beogh against you.
Beogh smites you!
Found a scroll labelled QIZO PAOBY.
You barely miss the frilled lizard. You block the bat's attack.
You block the frilled lizard's attack.
The orc priest calls down the wrath of Beogh upon you.
Beogh smites you!
Ouch! That really hurt!
You die...

#.#..............
................
#..............
#...........#
########.........#.
#..<......b...o....
#....##..........#.
####.##....Kl....#
#....##.@.#####
###.........?#
......#......#
.......#........
................
###..#......... ##.
##....... .......


You could see an orc priest, a bat, a kobold and a frilled lizard.

Vanquished Creatures
  3 adders (D:2)
  4 dart slugs
  A leopard gecko (D:2)
  2 giant cockroaches
  3 goblins
  10 hobgoblins
  3 jackals (D:2)
  A ball python (D:2)
  7 bats
  4 frilled lizards
  4 kobolds
  4 rats (D:1)
46 creatures vanquished.

Vanquished Creatures (others)
  A bat (D:1)
1 creature vanquished.

Grand Total: 47 creatures vanquished

Notes
Turn   | Place    | Note
-------+----------+-------------------------------------------
     0 | D:1      | dohliylev the Gargoyle Fighter began the quest for the Orb.
     0 | D:1      | Reached XP level 1. HP: 14/14 MP: 1/1
   173 | D:1      | Reached XP level 2. HP: 20/20 MP: 2/2
   316 | D:1      | Reached skill level 4 in Fighting
   463 | D:1      | Reached XP level 3. HP: 24/24 MP: 3/3
   922 | D:2      | Reached skill level 5 in Fighting
  1105 | D:2      | Reached XP level 4. HP: 27/31 MP: 4/4
  1736 | D:3      | Killed from afar by an orc priest

Illustrated notes

Levels and vault maps discovered:
D:1:      wander_arrival_estate, layout_loops_ring
D:2:      layout_basic, minivault_4
D:3:      layout_rooms

Skill      XL: |  1  2  3 |
---------------+----------+-----
Fighting       | 4 5 |  5.6
Maces & Flails | |  2.0
Armour         | |  3.3
Dodging        | |  0.1
Shields        | |  3.3

Action                   |  1- 3 |  4- 6 || total
-------------------------+-------+-------++-------
Melee: Flail             |   149 |    54 ||   203
Armor: Scale mail        |    95 |    30 ||   125
Dodge: Dodged            |    58 |    11 ||    69
Block: Kite shield       |    85 |       ||    85
       Tower shield      |    22 |    53 ||    75
